 Dungeon Crawl Stone Soup version 0.29.1-15-g9cfb28693d (webtiles) character file.

Game seed: 5549936096231327129

886 Ast3rio the Chopper (level 8, 0/67 HPs)
             Began as a Gnoll Cinder Acolyte on Mar 9, 2023.
             Was a High Priest of Ignis.
             Slain by an orc
             ... wielding a +0 whip
              (2 damage)
             ... on level 4 of the Dungeon.
             The game lasted 00:11:23 (4549 turns).

Ast3rio the Chopper (Gnoll Cinder Acolyte)          Turns: 4549, Time: 00:11:24

Health: 0/67       AC:  5    Str: 14    XL:     8   Next: 5%
Magic:  14/14      EV: 12    Int: 15    God:    Ignis [*****.]
Gold:   234        SH:  0    Dex: 11    Spells: 12/15 levels left

rFire   + . .      SeeInvis .   h - +9 dagger of Welang {vorpal, Dex+3 Stlth+}
rCold   . . .      Faith    .   i - orb {*Rage}
rNeg    . . .      Spirit   .   b - +0 robe
rPois   .          Reflect  .   (no helmet)
rElec   .          Harm     .   (no cloak)
rCorr   .          Rampage  .   u - +2 pair of gloves
Will    .....      Rage     20% (no boots)
Stlth   +++.......              (no amulet)
HPRegen 0.21/turn               (no ring)
MPRegen 0.14/turn               (no ring)

@: on berserk cooldown, slowed, very slow
A: fangs 1, strong nose, distributed training
a: Renounce Religion, Fiery Armour, Foxfire Swarm, Rising Flame


You were on level 4 of the Dungeon.
You worshipped Ignis.
Ignis was extremely pleased with you.
You visited 1 branch of the dungeon, and saw 4 of its levels.

You collected 234 gold pieces.

Inventory:

Hand Weapons
 a - a -1 hand axe of flaming
 h - the +9 dagger of Welang (weapon) {vorpal, Dex+3 Stlth+}
   (You found it on level 2 of the Dungeon)

   It inflicts extra damage upon your enemies.
   Dex:       It affects your dexterity (+3).
   Stlth:     It makes you more stealthy.
Missiles
 p - a throwing net (quivered)
Armour
 b - a +0 robe (worn)
 i - an orb of wrath (worn)
 u - a +2 pair of gloves (worn)
Jewellery
 v - a ring of protection from fire
Wands
 y - a wand of flame (12)
Scrolls
 f - 3 scrolls of acquirement {unknown}
 g - a scroll of butterflies {unknown}
 l - 2 scrolls of enchant armour {unknown}
 m - a scroll of identify {unknown}
 n - a scroll of blinking {unknown}
 o - 3 scrolls of noise {unknown}
 q - a scroll of fear {unknown}
 s - 2 scrolls of enchant weapon {unknown}
 w - a scroll of poison {unknown}
 z - a scroll of immolation {unknown}
 A - a scroll of amnesia {unknown}
Potions
 c - a potion of resistance {unknown}
 d - a potion of ambrosia {unknown}
 e - a potion of might {unknown}
 j - 2 potions of haste {unknown}
 k - a potion of curing {unknown}
 r - a potion of attraction {unknown}
 t - 3 potions of lignification {unknown}
 x - 2 potions of degeneration {unknown}


   Skills:
 + Level 7.2 Fighting
 + Level 3.0 Short Blades
 + Level 3.0 Long Blades
 + Level 7.2 Axes
 + Level 3.0 Maces & Flails
 + Level 3.0 Polearms
 + Level 3.0 Staves
 + Level 3.0 Ranged Weapons
 + Level 3.0 Throwing
 + Level 3.0 Armour
 + Level 3.0 Dodging
 + Level 3.0 Stealth
 + Level 3.0 Shields
 + Level 3.0 Unarmed Combat
 + Level 4.2 Spellcasting
 + Level 2.4 Conjurations
 + Level 2.4 Hexes
 + Level 2.4 Summonings
 + Level 2.4 Necromancy
 + Level 2.4 Translocations
 + Level 2.4 Transmutations
 + Level 6.0 Fire Magic
 + Level 2.4 Ice Magic
 + Level 2.4 Air Magic
 + Level 2.4 Earth Magic
 + Level 2.4 Poison Magic
 + Level 3.3 Invocations
 + Level 3.0 Evocations


You had 12 spell levels left.
You knew the following spells:

 Your Spells              Type           Power      Damage    Failure   Level
a - Scorch                Fire           42%        2d7       2%          2
b - Summon Small Mammal   Summ           40%        N/A       6%          1

Your spell library contained the following spells:

 Spells                   Type           Power      Damage    Failure   Level
 Sandblast                Erth           20%        2d7       6%          1
 Slow                     Hex            40%        N/A       6%          1
 Passwall                 Tmut/Erth      8%         N/A       10%         2
 Call Canine Familiar     Summ           10%        N/A       19%         3
 Confusing Touch          Hex            10%        N/A       19%         3
 Stone Arrow              Conj/Erth      20%        3d8       19%         3
 Summon Guardian Golem    Hex/Summ       10%        N/A       19%         3
 Vampiric Draining        Necr           10%        2d6       19%         3
 Alistair's Intoxication  Tmut/Pois      6%         N/A       87%         5
 Borgnjor's Vile Clutch   Necr/Erth      5%         N/A       87%         5
 Eringya's Noxious Bog    Tmut/Pois      5%         N/A       100%        6


Dungeon Overview and Level Annotations

Branches:
Dungeon (4/15)
 Temple: D:4-7

Altars:


Innate Abilities, Weirdness & Mutations

You have very sharp teeth.
Your uncanny sense of smell can sniff out nearby items.
Your experience applies equally to all skills.


Message History

The orc misses you. Something hits you but does no damage.
The orc wizard closely misses you.
You hit something. Your bite misses something.
Your bat hits the kobold but does no damage.
The orc hits you with a +0 whip. The kobold closely misses you.
Something hits you.
The orc wizard gestures at you while chanting.
You resist with some effort. The orc closely misses you.
You barely miss something.
Your bat closely misses the kobold.
The orc barely misses you. The kobold barely misses you.
Something hits you but does no damage.
The orc wizard hits you but does no damage.
The orc hits you with a +0 dagger.
You barely miss something. Your bite misses something.
Your bat closely misses the kobold.
Your bat closely misses the orc.
The orc closely misses you. The kobold hits you with a +0 club.
You hear some strange, mumbled words.
A puff of flame appears from out of thin air!
The puff of flame hits you. You resist. The orc closely misses you.
The orc wizard gestures at you while chanting.
The magic dart hits you!
* * * LOW HITPOINT WARNING * * *
The orc hits you but does no damage. x2
The orc wizard casts a spell at you. The puff of flame hits you. You resist.
* * * LOW HITPOINT WARNING * * *
Something hits you.
* * * LOW HITPOINT WARNING * * *
The kobold barely misses you.
You hit something.
Your bat barely misses the orc wizard.
The orc hits you but does no damage. The kobold misses you.
The orc hits you with a +0 dagger.
* * * LOW HITPOINT WARNING * * *
Something hits you.
* * * LOW HITPOINT WARNING * * *
The orc wizard hits you with a +0 dagger.
* * * LOW HITPOINT WARNING * * *
You hit something. Your bat misses the orc wizard.
The orc hits you with a +0 whip.
You die...

.............#........ #.#.#
....>........#....... #.#.#
.............#...... #.#.#
.............#.....# #.#.#
......##.....#..b..# #.#.#
...)..##.....#.....# #.#.#
......##.....#.....# #....
.<#.#.##.....#.ooK.######## ###..
#.#.#.##.....#.{@o........#####..
#.#.#.##.....#####)..............
#.#.#.##.....#####........#######
....#.##.....#...................
.##.#.##.....#.###........###....
......##.###.#.# #........# #....
.##.####.....#.# #........# #....
.##.########.#.# ##...##.## #....
.##..........#.####.#.##.# #....


You could see an orc wizard (ally target), 2 orcs, a kobold and a friendly bat
(summoned).

Vanquished Creatures
  Grinder (D:4)
  A sky beast (D:3)
  A phantom (D:4)
  Blork the orc (D:4)
  A scorpion (D:4)
  4 killer bees (D:4)
  An iguana (D:4)
  3 gnolls (D:3)
  8 adders
  3 worms
  3 dart slugs
  7 orcs
  5 ball pythons
  7 bats
  5 endoplasms
  A giant cockroach (D:2)
  10 hobgoblins
  8 jackals (D:1)
  A quokka (D:1)
  5 frilled lizards
  10 goblins
  4 kobolds
  6 rats
96 creatures vanquished.

Vanquished Creatures (collateral kills)
  An endoplasm (D:4)
1 creature vanquished.

Vanquished Creatures (others)
  12 foxfires (D:4)
12 creatures vanquished.

Grand Total: 109 creatures vanquished

Notes
Turn   | Place    | Note
-------+----------+-------------------------------------------
     0 | D:1      | Ast3rio the Gnoll Cinder Acolyte began the quest for the
                  | Orb.
     0 | D:1      | Reached XP level 1. HP: 23/23 MP: 4/4
   305 | D:1      | Reached XP level 2. HP: 20/29 MP: 5/5
   313 | D:1      | Learned a level 2 spell: Scorch
   558 | D:1      | Reached XP level 3. HP: 25/35 MP: 1/7
   576 | D:1      | Found a faded altar of an unknown god.
   878 | D:1      | Reached skill level 1 in Invocations
  1158 | D:2      | Reached skill level 1 in Short Blades
  1158 | D:2      | Reached skill level 1 in Long Blades
  1158 | D:2      | Reached skill level 1 in Maces & Flails
  1158 | D:2      | Reached skill level 1 in Polearms
  1158 | D:2      | Reached skill level 1 in Staves
  1158 | D:2      | Reached skill level 1 in Ranged Weapons
  1158 | D:2      | Reached skill level 1 in Throwing
  1158 | D:2      | Reached skill level 1 in Armour
  1158 | D:2      | Reached skill level 1 in Dodging
  1158 | D:2      | Reached skill level 1 in Stealth
  1158 | D:2      | Reached skill level 1 in Shields
  1158 | D:2      | Reached skill level 1 in Unarmed Combat
  1158 | D:2      | Reached skill level 1 in Evocations
  1277 | D:2      | Identified the +9 dagger of Welang {vorpal, Dex+3 Stlth+}
  1547 | D:2      | Reached XP level 4. HP: 41/41 MP: 5/8
  1891 | D:3      | Noticed a sky beast
  1902 | D:3      | Killed a sky beast
  1903 | D:3      | Reached skill level 1 in Conjurations
  1903 | D:3      | Reached skill level 1 in Hexes
  1903 | D:3      | Reached skill level 1 in Summonings
  1903 | D:3      | Reached skill level 1 in Necromancy
  1903 | D:3      | Reached skill level 1 in Translocations
  1903 | D:3      | Reached skill level 1 in Transmutations
  1903 | D:3      | Reached skill level 1 in Ice Magic
  1903 | D:3      | Reached skill level 1 in Air Magic
  1903 | D:3      | Reached skill level 1 in Earth Magic
  1903 | D:3      | Reached skill level 1 in Poison Magic
  1903 | D:3      | Reached XP level 5. HP: 22/47 MP: 0/9
  2652 | D:3      | Reached XP level 6. HP: 53/53 MP: 6/11
  3378 | D:4      | Reached XP level 7. HP: 40/60 MP: 2/12
  3649 | D:4      | Noticed Grinder
  3679 | D:4      | Killed Grinder
  3964 | D:4      | Noticed Blork the orc
  3971 | D:4      | Killed Blork the orc
  3972 | D:4      | Reached XP level 8. HP: 67/67 MP: 3/14
  4237 | D:4      | Learned a level 1 spell: Summon Small Mammal
  4548 | D:4      | HP: 3/67 [something (2)]
  4549 | D:4      | Slain by an orc

Illustrated notes

Levels and vault maps discovered:
D:1:      minmay_arrival_hallway, layout_rooms,
          hellmonk_ecumenical_altar_arch_garden
D:2:      layout_rooms, nicolae_elevator_lobby_plus
D:3:      layout_loops_ring, grunt_ministairs_8
D:4:      layout_basic, uniq_grinder, uniq_blork_the_orc

Skill      XL: |  1  2  3  4  5  6  7 |
---------------+----------------------+-----
Invocations    | 1 2 3 |  3.3
Short Blades   | 1 2 3 |  3.0
Long Blades    | 1 2 3 |  3.0
Maces & Flails | 1 2 3 |  3.0
Polearms       | 1 2 3 |  3.0
Staves         | 1 2 3 |  3.0
Ranged Weapons | 1 2 3 |  3.0
Throwing       | 1 2 3 |  3.0
Armour         | 1 2 3 |  3.0
Dodging        | 1 2 3 |  3.0
Stealth        | 1 2 3 |  3.0
Shields        | 1 2 3 |  3.0
Unarmed Combat | 1 2 3 |  3.0
Evocations     | 1 2 3 |  3.0
Spellcasting   | 3 4 |  4.2
Conjurations   | 1 2 |  2.4
Hexes          | 1 2 |  2.4
Summonings     | 1 2 |  2.4
Necromancy     | 1 2 |  2.4
Translocations | 1 2 |  2.4
Transmutations | 1 2 |  2.4
Ice Magic      | 1 2 |  2.4
Air Magic      | 1 2 |  2.4
Earth Magic    | 1 2 |  2.4
Poison Magic   | 1 2 |  2.4
Fighting       | 7 |  7.2
Axes           | 7 |  7.2
Fire Magic     | 6 |  6.0

Action                   |  1- 3 |  4- 6 |  7- 9 || total
-------------------------+-------+-------+-------++-------
Melee: Hand axe          |    48 |       |       ||    48
       Bite              |     2 |     1 |       ||     3
       Punch             |     1 |       |       ||     1
       Dagger            |     5 |    19 |    18 ||    42
 Cast: Scorch            |    27 |    41 |    25 ||    93
       Summon Small Mamm |       |       |     3 ||     3
Invok: Foxfire Swarm     |       |     1 |       ||     1
 Stab: Sleeping          |       |       |     1 ||     1
Armor: Robe              |     9 |    10 |    12 ||    31
Dodge: Dodged            |    46 |    45 |    28 ||   119
